 Dungeon Crawl Stone Soup version 0.30-a0-414-gcb316572d5 (webtiles) character file.

Game seed: 4339637591528681586

295 Alacron the Cleaver (level 6, -4/52 HPs)
             Began as a Hill Orc Berserker on Dec 8, 2022.
             Was a Priest of Trog.
             Slain by an orc warrior
             ... wielding a +0 mace
              (9 damage)
             ... on level 4 of the Dungeon.
             The game lasted 00:10:26 (3041 turns).

Alacron the Cleaver (Hill Orc Berserker)            Turns: 3041, Time: 00:10:27

Health: -4/52      AC:  7    Str: 22    XL:     6   Next: 34%
Magic:  0/6        EV: 11    Int:  7    God:    Trog [***...]
Gold:   233        SH:  0    Dex: 10    Spells: 5/5 levels left

rFire   . . .      SeeInvis .    a - +0 hand axe
rCold   . . .      Faith    .    (no shield)
rNeg    . . .      Spirit   +    n - +2 ring mail {rPois}
rPois   +          Reflect  .    (no helmet)
rElec   .          Harm     .    (no cloak)
rCorr   .          Rampage  .    (no gloves)
Will    ++...                    (no boots)
Stlth   ..........               m - amulet of guardian spirit
HPRegen 1.28/turn                p - +4 ring of slaying
MPRegen 0.10/turn                (no ring)

@: brilliant, strong-willed, on berserk cooldown, regenerating, slowed, very
slow
A: no striking features
a: Renounce Religion, Berserk, Trog's Hand


You were on level 4 of the Dungeon.
You worshipped Trog.
Trog was most pleased with you.
You visited 1 branch of the dungeon, and saw 4 of its levels.

You collected 233 gold pieces.

Inventory:

Hand Weapons
 a - a +0 hand axe (weapon)
Armour
 n - a +2 ring mail of poison resistance (worn)
Jewellery
 m - an amulet of guardian spirit (around neck)
 p - a +4 ring of slaying (left hand)
Scrolls
 b - a scroll of magic mapping {unknown}
 e - a scroll of poison {unknown}
 i - 2 scrolls of identify
 j - a scroll of brand weapon {unknown}
 k - 2 scrolls of immolation
 o - a scroll of teleportation {unknown}
 q - a scroll of blinking {unknown}
Potions
 c - a potion of curing {unknown}
 d - a potion of heal wounds {unknown}
 f - a potion of brilliance
 g - a potion of degeneration {unknown}
 h - a potion of cancellation {unknown}
 l - a potion of attraction {unknown}
 r - 2 potions of might {unknown}


   Skills:
 - Level 4.1 Fighting
 + Level 8.6 Axes
 - Level 2.4 Armour
 - Level 1.8 Dodging


You had 5 spell levels left.
You didn't know any spells.
Your spell library was empty.

Dungeon Overview and Level Annotations

Branches:
Dungeon (4/15)
 Temple: D:4-7

Altars:
Elyvilon
Hepliaklqana
Nemelex Xobeh

Shops:
D:1 :


Message History

You hit the orc warrior but do no damage.
The orc warrior is moderately wounded.
The orc warrior hits you with a +0 mace!
The orc warrior hits you with a +0 mace.
p - a +4 ring of slaying (left hand) It was a potion of brilliance.
You feel clever all of a sudden.
The orc warrior hits you with a +0 mace.
* * * LOW HITPOINT WARNING * * *
The orc warrior barely misses you.
Your skin crawls.
You feel strong-willed. The orc warrior barely misses you.
You hit the orc warrior but do no damage.
The orc warrior is moderately wounded.
The orc warrior hits you with a +0 mace.
* * * LOW HITPOINT WARNING * * *
You hit the orc warrior.
The orc warrior is heavily wounded.
The orc warrior closely misses you. The orc warrior misses you.
You hit the orc warrior.
The orc warrior is severely wounded.
The orc warrior hits you with a +0 mace.
* * * LOW HITPOINT WARNING * * *
You hit the orc warrior but do no damage.
The orc warrior is severely wounded.
The orc warrior hits you with a +0 mace.
* * * LOW HITPOINT WARNING * * *
You hit the orc warrior but do no damage.
The orc warrior is severely wounded.
The orc warrior hits you with a +0 mace!
* * * LOW HITPOINT WARNING * * *
The orc warrior closely misses you.
The orc warrior hits you with a +0 mace.
* * * LOW HITPOINT WARNING * * *
As you read the scroll labelled USUZAE MUIMUJU, it crumbles to dust.
It is a scroll of identify.
k - 2 scrolls of immolation The orc warrior hits you with a +0 mace!
You die...

################
#...)..........###
#.############.##. #.#
.........##. #.#
.........##< #.#
.........##. #.#
.[.......##. ####### #@#
..........#..
#.....o##o#..............#
#.....J)..'.............##
#....o{##.#.............#.
#...... #.#.............##
#...... #.# .(...........#
#...... #.# ..............
#....>. #.# #########..#.
###'#.. #.# ...#.


You could see an orc warrior.

Vanquished Creatures
  A black bear (D:3)
  An orc priest (D:4)
  An orc wizard (D:4)
  Robin (D:4)
  3 adders
  An ufetubus (D:4)
  2 worms
  2 dart slugs
  7 orcs (D:4)
  4 endoplasms
  4 giant cockroaches
  7 hobgoblins
  10 jackals (D:1)
  8 kobolds
  A quokka (D:3)
  6 ball pythons
  5 bats
  3 frilled lizards
  19 goblins
  5 rats
91 creatures vanquished.

Notes
Turn   | Place    | Note
-------+----------+-------------------------------------------
     0 | D:1      | Alacron the Hill Orc Berserker began the quest for the Orb.
     0 | D:1      | Reached XP level 1. HP: 19/19 MP: 1/1
   103 | D:1      | Found Ruom Dom's Book Shop.
   118 | D:1      | You fall into a shaft and drop 1 floor!
   145 | D:2      | Reached XP level 2. HP: 12/27 MP: 2/2
   243 | D:2      | Found a faded altar of an unknown god.
   703 | D:2      | Reached XP level 3. HP: 32/33 MP: 3/3
  1057 | D:1      | Reached skill level 5 in Axes
  1164 | D:1      | Reached ** piety under Trog
  1466 | D:1      | Reached XP level 4. HP: 39/40 MP: 4/4
  1691 | D:3      | Found a white marble altar of Elyvilon.
  1806 | D:3      | Found a hazy altar of Hepliaklqana.
  2076 | D:3      | Noticed a black bear
  2082 | D:3      | Killed a black bear
  2083 | D:3      | Reached skill level 7 in Axes
  2083 | D:3      | Reached XP level 5. HP: 46/46 MP: 3/5
  2684 | D:4      | Noticed Robin
  2696 | D:4      | Reached *** piety under Trog
  2697 | D:4      | Killed Robin
  2732 | D:4      | Reached skill level 8 in Axes
  2777 | D:4      | Reached XP level 6. HP: 44/52 MP: 4/6
  2902 | D:4      | Found a sparkling altar of Nemelex Xobeh.
  2989 | D:4      | Identified the +4 quarterstaff of Trial by Ordeal {drain,
                  | rElec rF- Dex+3 SInv}
  3001 | D:4      | Noticed an orc warrior
  3038 | D:4      | HP: 1/52 [orc warrior/+0 mace (13)]
  3041 | D:4      | Slain by an orc warrior

Illustrated notes

Levels and vault maps discovered:
D:1:      lightli_arrival_lavapool, layout_basic, serial_shops, shop_fountains
D:2:      layout_basic, shapermc_ecumenical_altar_mp_highgroup
D:3:      layout_basic, mainiacjoe_overflow_24_doors,
          mainiacjoe_overflow_surrounded_room
D:4:      layout_basic, general_overflow_altar, nemelex_spade_bored_becter,
          uniq_crazy_yiuf_cottage, uniq_robin, uniq_blork_the_orc

Skill      XL: |  1  2  3  4  5 |
---------------+----------------+-----
Fighting       | 4 |  4.1
Axes           | 5 7 8 |  8.6
Armour         | |  2.4
Dodging        | |  1.8

Action                   |  1- 3 |  4- 6 || total
-------------------------+-------+-------++-------
Melee: Hand axe          |   117 |   134 ||   251
       Punch             |     1 |     1 ||     2
Invok: Berserk           |       |     3 ||     3
       Trog's Hand       |       |     1 ||     1
  Use: Scroll            |       |     1 ||     1
       Potion            |       |     1 ||     1
Armor: Animal skin       |     2 |       ||     2
       Leather armour    |     4 |       ||     4
       Scale mail        |    46 |       ||    46
       Ring mail         |       |    49 ||    49
Dodge: Dodged            |    59 |    85 ||   144

Table legend: (Time is in decaauts)
 A = Elapsed time spent in this place.
 B = Non-inter-level travel time spent in this place.
 C = Inter-level travel time spent in this place.
 D = Time resting spent in this place.
 E = Time spent auto-exploring this place.
 F = Levels seen in this place.
 G = Mean time per level.
                   A        B        C        D        E       F      G
               +--------+--------+--------+--------+--------+-----+--------+
         Total |   3051 |   2928 |    123 |      2 |   2404 |   4 |  762.8 |
       Dungeon |   3051 |   2928 |    123 |      2 |   2404 |   4 |  762.8 |
               +--------+--------+--------+--------+--------+-----+--------+

Top non-repeatable levels by time:
     D:3: 986 daAuts
     D:2: 956 daAuts
     D:1: 701 daAuts
     D:4: 407 daAuts
